 Dungeon Crawl Stone Soup version 0.20.1-1-g8b1a95d (webtiles) character file.

309038 FortyBot the Impaler (level 21, -24/198 HPs)
             Began as a Naga Gladiator on Nov 4, 2017.
             Was the Champion of Cheibriados.
             Killed from afar by Margery (44 damage)
             ... with a fireball
             ... while paralysed
             ... on level 2 of the Vaults.
             The game lasted 04:22:13 (39087 turns).

FortyBot the Impaler (Naga Gladiator)              Turns: 39087, Time: 04:22:14

Health: -24/198    AC: 29    Str: 35    XL:     21   Next: 22%
Magic:  33/33      EV:  1    Int: 26    God:    Cheibriados [******]
Gold:   2228       SH:  0    Dex: 32    Spells: 27/37 levels left

rFire    . . .     SeeInvis +   U - +7 trident (vamp)
rCold    + . .     Gourm    .   V - +0 large shield
rNeg     . . .     Faith    +   Z - +2 storm dragon scales {Bai Suzhen}
rPois    +         Spirit   .   g - +1 helmet
rElec    +         Reflect  .   M - scarf "Nuqaedobb" {rC+ SInv}
rCorr    .         Harm     .   K - +1 pair of gloves
MR       +++..     Rnd*Rage +   (no barding)
Stlth    ..........             O - amulet "Kugg" {Faith *Drain Fragile rPois Slay+5}
Regen    0.5/turn               b - +6 ring of protection
MPRegen  0.3/turn               r - ring of protection from magic

@: paralysed, berserk cooldown, slowed, very slow
A: see invisible, berserk 1, deformed body, poison resistance, slowness 2, slow
metabolism 1, spit poison 1, constrict 1, AC +7
}: 2/15 runes: decaying, serpentine
a: Spit Poison, Bend Time, Temporal Distortion, Slouch, Step From Time, Renounce
Religion


You were on level 2 of the Vaults.
You worshipped Cheibriados.
Cheibriados was exalted by your worship.
You were not hungry.

You visited 7 branches of the dungeon, and saw 34 of its levels.
You visited the Abyss 1 time.
You visited 1 bazaar.
You also visited: Labyrinth and Sewer.

You collected 3399 gold pieces.
You spent 1171 gold pieces at shops.

Inventory:

Hand Weapons
 U - a +7 vampiric trident (weapon)
Missiles
 l - 3 throwing nets (quivered)
Armour
 g - a +1 helmet (worn)
 K - a +1 pair of gloves (worn)
 M - the scarf "Nuqaedobb" (worn) {rC+ SInv}
   (You acquired it on level 15 of the Dungeon)

   It protects you from cold.
   It lets you see invisible.
 V - a +0 large shield (worn)
 Z - +2 storm dragon scales (worn) {Bai Suzhen}
Jewellery
 b - a +6 ring of protection (left hand)
 r - a ring of protection from magic (right hand)
 O - the amulet "Kugg" (around neck) {Faith *Drain Fragile rPois Slay+5}
   (You found it on level 15 of the Dungeon)

   [amulet of faith]

   It allows you to gain divine favour quickly.
   It affects your accuracy and damage with ranged weapons and melee attacks
   (+5).
   It protects you from poison.
   It causes draining when unequipped.
   It will be destroyed if unequipped.
Wands
 a - a wand of iceblast (9/15)
 c - a wand of flame (23/48)
 i - a wand of acid (6/15)
 k - a wand of clouds (3/9)
 q - a wand of lightning (6/15)
 t - a wand of enslavement (11/24)
 D - a wand of digging (8/24)
 J - a wand of paralysis (17/24)
 R - a wand of disintegration (15/24)
 S - a wand of iceblast (7/15)
Scrolls
 d - 5 scrolls of amnesia
 e - 22 scrolls of remove curse
 m - 6 scrolls of fog
 s - 9 scrolls of teleportation
 x - 3 scrolls of blinking
 y - a scroll of recharging
 C - 3 scrolls of fear
 G - 11 scrolls of identify
 L - a scroll of summoning
 P - 8 scrolls of enchant armour
 Q - 2 scrolls of brand weapon
 T - 2 scrolls of enchant weapon
 Y - 2 scrolls of silence
Potions
 j - 3 potions of agility
 p - 9 potions of lignification
 u - 2 potions of cancellation
 v - a potion of might
 w - 2 potions of resistance
 z - 7 potions of flight
 A - 7 potions of curing
 B - 3 potions of brilliance
 E - 3 potions of magic
 I - 3 potions of heal wounds
Miscellaneous
 n - a lightning rod (4/4)
 H - 2 phantom mirrors
Comestibles
 f - 17 bread rations
 h - 22 fruits
 o - 4 meat rations
 F - 17 royal jellies


   Skills:
 - Level 14.0 Fighting
 - Level 15.0 Polearms
 - Level 1.7 Throwing
 - Level 10.5 Armour
 + Level 11.6 Dodging
 * Level 15.0 Shields
 + Level 8.8 Spellcasting
 + Level 7.3 Earth Magic
 - Level 14.0 Invocations
 - Level 9.3 Evocations


You had 27 spell levels left.
You knew the following spells:

 Your Spells              Type           Power        Failure   Level  Hunger
a - Apportation           Tloc           ##....       17%         1    None
b - Regeneration          Chrm/Necr      ##........   45%         3    None
c - Statue Form           Tmut/Erth      ####.....    99%         6    ######.


Dungeon Overview and Level Annotations

Branches:
Dungeon (15/15)            Temple (1/1) D:7            Lair (6/6) D:11
  Swamp (4/4) Lair:3        Snake (4/4) Lair:3        Slime (0/5) Lair:5
    Orc (2/2) D:11            Elf (0/3) Orc:2        Vaults (2/5) D:14
 Depths (0/5) D:15
  Crypt: Vaults:2-3

Altars:
Ashenzari
Cheibriados
Dithmenos
Elyvilon
Gozag
Hepliaklqana
Kikubaaqudgha
Makhleb
Nemelex Xobeh
Okawaru
Qazlal
Ru
Sif Muna
Uskayaw
Xom
Yredelemnul
The Shining One
Beogh

Shops:
D:4 %[(   D:11 *   Orc:2 [([?   Snake:1 (   Vaults:1 *   Vaults:2 :

Annotations:
Vaults:2 Margery


Innate Abilities, Weirdness & Mutations

You cannot wear boots.
Your serpentine skin is tough. (AC +7)
You have supernaturally acute eyesight. (SInv)
Armour fits poorly on your strangely shaped body.
Your system is resistant to poisons. (rPois)
You cover ground very slowly.
You have a slow metabolism.
You can spit poison.
You can use your snake-like lower body to constrict enemies.
You tend to lose your temper in combat.


Message History

The puff of flame hits you!
Margery hits you from afar with an enchanted glaive!!
The hell knight hits you with a demon blade of flaming.
The hell knight burns you.
The hell knight gestures at you while chanting.
The puff of flame hits you!
The hell knight points at you and mumbles some strange words.
The puff of flame hits you!
Margery points at you and mumbles some strange words.
The bolt of fire hits the hell knight.
The hell knight completely resists.
Helpless, you fail to dodge the bolt of fire.
* * * LOW HITPOINT WARNING * * *
The hell knight hits you with an enchanted scimitar!
* * * LOW HITPOINT WARNING * * *
The hell knight hits you but does no damage.
Margery points at you and mumbles some strange words.
The fireball explodes!
The fireball engulfs the hell knight.
The hell knight completely resists.
The fireball engulfs the hell knight.
The hell knight completely resists.
The fireball engulfs you!
You die...

.#....#.#...#.....#
#############.)...#
...........#
.......)...#
.######'#..#
#......#).#
#......#..#
#......#..#
........#......#@)#
........#......#pp#
........#......#@.#
........########..#
............. ...#
............. ...#
............. ...#
............. ....'
#####'#######


You could see Margery and 2 hell knights.

Vanquished Creatures
  Bai Suzhen (Swamp:4)
  Rupert (D:13)
  2 sphinxes
  4 thorn hunters
  Donald (Vaults:1)
  Roxanne (Snake:3)
  12 nagarajas
  Louise (Swamp:4)
  2 fire giants
  6 vault wardens
  A frost giant (D:15)
  2 orc warlords (Orc:2)
  2 very ugly things
  7 ironheart preservers
  2 stone giants
  Nessos (Lair:5)
  A war gargoyle (D:15)
  2 deep elf demonologists
  Azrael (Snake:1)
  A deep elf annihilator (Vaults:1)
  A minotaur (Lab)
  A fire dragon (D:15)
  Josephine (Lair:5)
  The ghost of zephy the Spear-Bearer, a journeyman MiFi of Nemelex Xobeh (Lair:1)
  2 yaktaur captains
  A rakshasa (Vaults:2)
  24 hydras
  An ice dragon (D:15)
  A great orb of eyes (Vaults:1)
  6 naga warriors
  10 vault guards
  The ghost of Squip the Geomancer, a journeyman FoEE of Okawaru (D:10)
  Erolcha (D:13)
  7 anacondas
  2 death knights
  9 centaur warriors
  8 ogre magi
  33 two-headed ogres
  A catoblepas (Lair:6)
  A ghost crab (Swamp:4)
  8 death yaks
  2 tengu warriors (D:15)
  9 alligators
  Urug (D:15)
  5 orc high priests (Orc:2)
  16 naga sharpshooters
  14 shock serpents
  A deep elf knight (Vaults:2)
  A spriggan berserker (Swamp:4)
  2 salamander mystics
  3 hell knights (Vaults:2)
  5 skeletal warriors (D:15)
  A flayed ghost (D:15)
  A deep troll (D:14)
  2 spriggan druids (Swamp:4)
  6 unseen horrors
  A sea snake (Snake:1)
  5 shambling mangroves
  3 glowing orange brains
  7 naga ritualists
  4 deep elf archers
  A lindwurm (Lair:5)
  2 necromancers
  6 swamp dragons
  3 wizards
  A lindwurm (shapeshifter) (D:14)
  8 ironbrand convokers
  4 harpies (Vaults:1)
  10 ugly things
  A wolf spider zombie (D:14)
  4 oklob plants (Lair:5)
  9 deep elf magi
  6 wolf spiders
  6 orc sorcerers
  9 mana vipers
  3 manticores
  11 orc knights
  A shining eye (shapeshifter) (D:15)
  7 cyclopes
  8 salamanders
  A guardian serpent (shapeshifter) (Vaults:2)
  23 naga magi
  35 black mambas
  7 elephants
  11 vault sentinels
  2 gargoyles
  27 spiny frogs
  A spiny frog (shapeshifter) (D:15)
  6 centaur skeletons
  2 kobold demonologists (D:12)
  4 rime drakes
  6 freezing wraiths
  A human skeleton (Vaults:1)
  9 yaktaurs
  13 komodo dragons
  A redback zombie (D:15)
  2 efreet (D:15)
  12 trolls
  A queen bee (Lair:5)
  3 polar bears (Lair:6)
  A tengu conjurer (D:15)
  3 meliai (Lair:5)
  A wolf spider simulacrum (D:15)
  14 blink frogs
  25 hornets
  10 dream sheep
  6 tyrant leeches
  31 slime creatures
  13 bog bodies
  A blink frog (shapeshifter) (Vaults:1)
  12 hippogriffs
  A centaur simulacrum (D:15)
  3 redbacks
  18 spriggans
  A tarantella (shapeshifter) (D:15)
  Eustachio (D:6)
  9 basilisks
  8 wraiths
  5 shadows
  3 vampires (D:15)
  3 fire elementals (Snake:1)
  8 wyverns
  37 yaks
  2 chaos spawn (D:9)
  2 hungry ghosts
  A human (shapeshifter) (D:12)
  36 vampire mosquitoes
  2 human simulacra
  3 wargs
  13 insubstantial wisps
  30 nagas
  3 hell hounds (Snake:1)
  22 swamp worms
  A naga (shapeshifter) (Vaults:2)
  Duvessa (D:6)
  20 water moccasins
  12 swamp drakes
  9 porcupines
  An eye of draining (D:15)
  8 ice beasts
  26 ogres
  50 orc warriors
  A sky beast (shapeshifter) (D:15)
  8 sky beasts
  3 phantoms
  5 black bears
  A hornet zombie (Vaults:1)
  A necrophage (D:8)
  8 boggarts
  17 centaurs
  19 wolves
  18 crocodiles
  10 big kobolds
  Blork the orc (D:6)
  12 bullfrogs
  A yaktaur zombie (Vaults:1)
  2 elf simulacra (Vaults:1)
  5 gnoll sergeants
  Dowan (D:6)
  2 wyvern zombies
  A wyvern skeleton (D:11)
  36 killer bees (Lair:5)
  8 wights
  8 howler monkeys
  4 electric eels (Snake:1)
  12 crimson imps
  A bullfrog zombie (D:4)
  8 centaur zombies
  15 jellies
  2 quasits
  35 orc priests
  19 orc wizards
  7 hounds
  4 bullfrog skeletons
  A gnoll shaman (D:10)
  3 iguanas
  11 worker ants
  3 worker ant zombies
  22 gnolls
  12 adders
  9 shadow imps
  A white imp (D:8)
  2 oozes
  2 adder zombies
  An adder skeleton (D:8)
  5 worms
  4 dart slugs
  3 leopard geckos
  123 orcs
  3 ball pythons
  2 bat zombies (D:6)
  9 giant cockroaches
  3 goblins
  8 hobgoblins
  11 jackals
  18 kobolds
  7 quokkas
  8 bats
  4 frilled lizards
  A goblin skeleton (D:8)
  2 hobgoblin zombies (D:8)
  A jackal zombie (D:8)
  A kobold skeleton (D:8)
  A kobold zombie (D:8)
  An orc skeleton (D:8)
  An orc zombie (D:8)
  A quokka zombie (D:5)
  12 rats
  A rat zombie (D:6)
  A briar patch (Swamp:4)
  A butterfly (Lair:5)
  A fungus (Lair:6)
1558 creatures vanquished.

Vanquished Creatures (collateral kills)
  Joseph (D:7)
  An adder skeleton (D:7)
2 creatures vanquished.

Vanquished Creatures (others)
  A naga warrior (Snake:2)
  A shambling mangrove (Swamp:3)
  A black mamba (Snake:2)
  2 briar patches (Swamp:4)
  3 bushes (Lair:1)
  25 fungi
  19 plants
52 creatures vanquished.

Grand Total: 1612 creatures vanquished

Notes
Turn   | Place    | Note
-------+----------+-------------------------------------------
     0 | D:1      | FortyBot the Naga Gladiator began the quest for the Orb.
     0 | D:1      | Reached XP level 1. HP: 19/19 MP: 1/1
   182 | D:1      | Reached XP level 2. HP: 26/26 MP: 2/2
   628 | D:1      | Reached XP level 3. HP: 31/33 MP: 3/3
  1122 | D:2      | Noticed an air elemental
  1124 | D:2      | Found a stormy altar of Qazlal.
  1127 | D:2      | Noticed a fire elemental
  1127 | D:2      | Noticed a water elemental
  1127 | D:2      | Noticed an earth elemental
  1785 | D:3      | Reached XP level 4. HP: 37/40 MP: 4/4
  1819 | D:3      | Found a glowing drain.
  1846 | Sewer    | Entered a sewer
  2045 | Sewer    | Noticed a big kobold
  2066 | Sewer    | Killed a big kobold
  2066 | Sewer    | Reached skill level 5 in Polearms
  2066 | Sewer    | Reached XP level 5. HP: 36/49 MP: 5/5
  2212 | Sewer    | Noticed a big kobold
  2212 | Sewer    | Noticed a big kobold
  2237 | Sewer    | Killed a big kobold
  2253 | Sewer    | Killed a big kobold
  2253 | Sewer    | Reached XP level 6. HP: 9/57 MP: 6/6
  3208 | D:4      | Found Xejoas's Armour Shoppe.
  3319 | D:4      | Found Saalu's Antique Weapon Shop.
  3413 | D:4      | Reached XP level 7. HP: 31/66 MP: 7/7
  3959 | D:4      | Found Pasa Puw's Food Shop.
  4307 | D:5      | Entered Level 5 of the Dungeon
  4365 | D:5      | Found a hazy altar of Hepliaklqana.
  4427 | D:5      | Reached skill level 5 in Fighting
  4434 | D:5      | Reached XP level 8. HP: 65/74 MP: 8/8
  4546 | D:5      | Reached skill level 1 in Armour
  4964 | D:6      | Noticed Eustachio
  4984 | D:6      | Killed Eustachio
  5446 | D:6      | Found a sacrificial altar of Ru.
  5532 | D:6      | Found an ancient bone altar of Kikubaaqudgha.
  5564 | D:6      | Noticed Duvessa
  5564 | D:6      | Noticed Dowan
  5576 | D:6      | Killed Duvessa
  5582 | D:6      | Killed Dowan
  5582 | D:6      | Reached XP level 9. HP: 47/81 MP: 1/9
  6010 | D:6      | Noticed Blork the orc
  6014 | D:6      | Killed Blork the orc
  6014 | D:6      | Reached skill level 10 in Polearms
  6863 | D:7      | Noticed Joseph
  6876 | D:7      | Killed Joseph
  6953 | D:7      | Found a staircase to the Ecumenical Temple.
  6964 | Temple   | Entered the Ecumenical Temple
  7032 | Temple   | Became a worshipper of Cheibriados the Contemplative
  7894 | D:8      | Reached * piety under Cheibriados
  7915 | D:8      | Found a glowing golden altar of the Shining One.
  7949 | D:8      | Reached skill level 5 in Armour
  7949 | D:8      | Reached XP level 10. HP: 88/88 MP: 10/10
  8071 | D:8      | Noticed a two-headed ogre
  8097 | D:8      | Killed a two-headed ogre
  8480 | D:8      | Reached ** piety under Cheibriados
  8583 | D:8      | Got a pitted ring mail
  8594 | D:8      | Identified the cursed +1 ring mail of Lies {*Corrode rF+++ Str+6 Stlth-} (You took it off an orc on level 8 of the Dungeon)
  9038 | D:9      | Reached *** piety under Cheibriados
  9143 | D:9      | Reached skill level 1 in Invocations
  9255 | D:10     | Entered Level 10 of the Dungeon
  9342 | D:10     | Noticed Squip's ghost (journeyman FoEE)
  9508 | D:10     | Killed Squip's ghost
  9508 | D:10     | Reached **** piety under Cheibriados
  9508 | D:10     | Reached skill level 5 in Dodging
  9508 | D:10     | Reached XP level 11. HP: 86/94 MP: 11/13
  9564 | D:10     | Found a shimmering altar of Xom.
  9652 | D:10     | Noticed a two-headed ogre
  9916 | D:10     | Got a heavily runed diamond amulet
  9959 | D:10     | Killed a two-headed ogre
 10022 | D:10     | Reached skill level 1 in Shields
 10487 | D:11     | Reached ***** piety under Cheibriados
 10509 | D:11     | Identified the amulet "Ukotos" {+Blink +Rage rElec Str+4 Int+3} (You took it off a gnoll sergeant on level 10 of the Dungeon)
 10525 | D:11     | Found a staircase to the Lair.
 10719 | D:11     | Reached skill level 5 in Invocations
 10905 | D:11     | Found Rygoav's Elemental Accessories.
 10908 | D:11     | Noticed a cyclops
 10921 | D:11     | Killed a cyclops
 10921 | D:11     | Reached skill level 1 in Evocations
 10962 | D:11     | Found a staircase to the Orcish Mines.
 11097 | D:11     | Noticed a manticore
 11111 | D:11     | Killed a manticore
 11111 | D:11     | Reached XP level 12. HP: 95/103 MP: 16/16
 11124 | D:11     | Noticed a two-headed ogre
 11131 | D:11     | Killed a two-headed ogre
 11142 | Lair:1   | Entered Level 1 of the Lair of Beasts
 11310 | Lair:1   | Noticed zephy's ghost (journeyman MiFi)
 11333 | Lair:1   | Killed zephy's ghost
 12032 | Lair:2   | Reached ****** piety under Cheibriados
 12041 | Lair:2   | Reached skill level 15 in Polearms
 12076 | Lair:2   | Noticed a four-headed hydra
 12085 | Lair:2   | Killed a four-headed hydra
 12627 | Lair:3   | Found a staircase to the Swamp.
 12643 | Lair:3   | Reached skill level 5 in Evocations
 12822 | Lair:3   | Found a staircase to the Snake Pit.
 12861 | Lair:3   | Reached skill level 5 in Shields
 12994 | Lair:3   | Gained mutation: You can use your snake-like lower body to constrict enemies. [Naga growth]
 12994 | Lair:3   | Reached XP level 13. HP: 108/110 MP: 19/19
 14067 | Lair:4   | Got a pitted leather armour
 14078 | Lair:4   | Identified the +2 leather armour "Waqeq" {Str+2 Dex+4 Slay-2} (You found it on level 4 of the Lair of Beasts)
 14258 | Lair:5   | Noticed Nessos
 14277 | Lair:5   | Killed Nessos
 14674 | Lair:5   | Reached skill level 10 in Invocations
 14748 | Lair:5   | Reached XP level 14. HP: 116/124 MP: 18/21
 15177 | Lair:5   | Found a staircase to the Slime Pits.
 15220 | Lair:5   | Noticed Josephine
 15229 | Lair:5   | Killed Josephine
 16436 | Lair:5   | HP: 5/127 [acid (11)]
 17127 | Lair:6   | Entered Level 6 of the Lair of Beasts
 17748 | Lair:6   | Reached XP level 15. HP: 42/138 MP: 9/23
 18336 | Lair:6   | Reached skill level 10 in Fighting
 18533 | Swamp:1  | Entered Level 1 of the Swamp
 19832 | Swamp:2  | Noticed a thorn hunter
 19838 | Swamp:2  | Killed a thorn hunter
 20537 | Swamp:3  | Noticed a thorn hunter
 20551 | Swamp:3  | Killed a thorn hunter
 21328 | Swamp:4  | Entered Level 4 of the Swamp
 21333 | Swamp:4  | Noticed a thorn hunter
 21348 | Swamp:4  | Killed a thorn hunter
 21348 | Swamp:4  | Reached XP level 16. HP: 66/150 MP: 20/26
 21952 | Swamp:4  | Noticed Louise
 21970 | Swamp:4  | Killed Louise
 22198 | Swamp:4  | Paralysed by a hornet for 1 turns
 22356 | Swamp:4  | Noticed a thorn hunter
 22366 | Swamp:4  | Killed a thorn hunter
 23946 | Swamp:4  | Noticed Bai Suzhen
 23974 | Swamp:4  | Killed Bai Suzhen
 24048 | Swamp:4  | Reached skill level 10 in Shields
 24115 | Swamp:4  | Got a decaying rune of Zot
 24574 | Orc:1    | Entered Level 1 of the Orcish Mines
 24778 | Orc:2    | Entered Level 2 of the Orcish Mines
 25168 | Orc:2    | Reached XP level 17. HP: 80/157 MP: 27/27
 25445 | Orc:2    | Found a roughly hewn altar of Beogh.
 25574 | Orc:2    | Found Lemuiceg's Armour Boutique.
 25619 | Orc:2    | Found Jeexzian's Antique Weapon Shoppe.
 26009 | Orc:2    | Found a staircase to the Elven Halls.
 26231 | Orc:2    | Found a roughly hewn altar of Beogh.
 26357 | Orc:2    | Found Feyvuder's Magic Scroll Boutique.
 26367 | Orc:2    | Bought a scroll of enchant weapon for 90 gold pieces
 26367 | Orc:2    | Bought a scroll of identify for 24 gold pieces
 26373 | Orc:2    | Found Obed's Armour Shop.
 26768 | Orc:2    | Bought a runed trident for 227 gold pieces
 26768 | Orc:2    | Bought a glowing trident for 227 gold pieces
 26806 | Orc:2    | Bought a +1 helmet for 149 gold pieces
 27019 | Lair:2   | Learned a level 1 spell: Apportation
 27823 | D:12     | Found a labyrinth entrance.
 27832 | Lab      | Entered a labyrinth
 28226 | Lab      | Identified the Guide on the Escort and Beguiling
 28242 | Lab      | Got a slimy scale mail
 28253 | Lab      | Identified the +4 scale mail of Valiance {Str+4} (You found it in a labyrinth)
 28395 | Lair:2   | Learned a level 3 spell: Regeneration
 29105 | D:13     | Noticed Rupert
 29120 | D:13     | Killed Rupert
 29120 | D:13     | Reached skill level 1 in Spellcasting
 29386 | D:13     | Noticed Erolcha
 29406 | D:13     | Killed Erolcha
 29926 | D:14     | Found a gate to the Vaults.
 30243 | D:14     | Found an opulent altar of Gozag.
 30396 | D:15     | Entered Level 15 of the Dungeon
 30537 | D:15     | Found a hazy altar of Hepliaklqana.
 30537 | D:15     | Found a shimmering altar of Xom.
 30538 | D:15     | Found a sparkling altar of Nemelex Xobeh.
 30595 | D:15     | Noticed Urug
 30603 | D:15     | Killed Urug
 30683 | D:15     | Identified a scroll of acquirement
 30684 | D:15     | Got a fine scarf
 30690 | D:15     | Identified the scarf "Nuqaedobb" {rC+ SInv} (You acquired it on level 15 of the Dungeon)
 30785 | D:15     | Reached XP level 18. HP: 168/168 MP: 28/28
 31082 | D:15     | Got a crude crystal amulet
 31092 | D:15     | Identified the amulet "Kugg" {Faith *Drain Fragile rPois Slay+5} (You found it on level 15 of the Dungeon)
 31448 | D:15     | Identified the Disquisition on Transformation
 31808 | D:15     | Found a staircase to the Depths.
 32211 | Snake:1  | Entered Level 1 of the Snake Pit
 32211 | Snake:1  | Noticed Azrael
 32221 | Snake:1  | Killed Azrael
 32254 | Snake:1  | Reached skill level 10 in Armour
 32643 | Snake:1  | Found Waecid's Antique Weapon Shoppe.
 33248 | Snake:2  | Reached skill level 5 in Spellcasting
 33347 | Snake:2  | Reached skill level 10 in Dodging
 33377 | Snake:2  | Reached XP level 19. HP: 169/178 MP: 29/29
 33497 | Snake:2  | Found a gateway to a bazaar.
 33507 | Bazaar   | Entered a bazaar
 33507 | Bazaar   | Found Zegutz's Magic Scroll Shoppe.
 33507 | Bazaar   | Found Opnainis's Food Shoppe.
 33508 | Bazaar   | Found Juro's Assorted Antiques.
 33508 | Bazaar   | Found Goehet's Book Emporium.
 33644 | Bazaar   | Bought a scroll of enchant weapon for 82 gold pieces
 33644 | Bazaar   | Bought a scroll of identify for 22 gold pieces
 33644 | Bazaar   | Bought a scroll of identify for 22 gold pieces
 33644 | Bazaar   | Bought a scroll of identify for 22 gold pieces
 33644 | Bazaar   | Bought a scroll of identify for 22 gold pieces
 33654 | Bazaar   | Bought a scintillating brass ring for 120 gold pieces
 33654 | Bazaar   | Identified the ring "Isisaxeh" {*Slow +Inv rN+ MP+9 Stlth-} (You bought it in a shop in a bazaar)
 33661 | Bazaar   | Bought a scroll of enchant armour for 82 gold pieces
 33661 | Bazaar   | Bought a scroll of enchant armour for 82 gold pieces
 34040 | Snake:3  | Noticed Roxanne
 34587 | Snake:3  | Killed Roxanne
 34588 | Snake:3  | Identified Roxanne's Collected Works on Transmigration (You took it off Roxanne on level 3 of the Snake Pit)
 34597 | Snake:3  | Learned a level 6 spell: Statue Form
 34627 | Snake:4  | Entered Level 4 of the Snake Pit
 34713 | Snake:4  | Reached skill level 1 in Earth Magic
 35486 | Snake:4  | Got a serpentine rune of Zot
 35818 | Vaults:1 | Entered Level 1 of the Vaults
 36218 | Vaults:1 | Noticed Donald
 36234 | Vaults:1 | Killed Donald
 36403 | Vaults:1 | Reached XP level 20. HP: 170/189 MP: 30/30
 36626 | Vaults:1 | Gained mutation: You tend to lose your temper in combat. [a neqoxec]
 36727 | Vaults:1 | Found Hezuacwa's Assorted Antiques.
 36988 | Vaults:1 | Reached skill level 5 in Earth Magic
 38173 | Vaults:2 | Found Ledaff's Book Boutique.
 38499 | Vaults:2 | Reached XP level 21. HP: 198/198 MP: 33/33
 38699 | Vaults:2 | Cast into level 2 of the Abyss (hell knight)
 38709 | Vaults:2 | Escaped the Abyss
 38720 | Vaults:2 | Reached skill level 15 in Shields
 39079 | Vaults:2 | Noticed Margery
 39087 | Vaults:2 | Killed from afar by Margery

Skill      XL: |  1  2  3  4  5  6  7  8  9 10 11 12 13 14 15 16 17 18 19 20 21 |
---------------+----------------------------------------------------------------+-----
Polearms       | 4 5 6 7 9 11 13 14 15 | 15.0
Fighting       | 3 4 5 7 9 11 12 13 14 | 14.0
Armour         | 3 5 7 9 10 | 10.5
Dodging        | 5 7 9 10 11 | 11.6
Invocations    | 2 5 8 10 11 13 14 | 14.0
Shields        | 3 5 6 8 9 10 11 12 13 14 15 | 15.0
Evocations     | 2 5 7 9 |  9.3
Spellcasting   | 2 5 7 8 |  8.8
Earth Magic    | 3 6 7 |  7.3
Throwing       | |  1.7

Action                   |  1- 3 |  4- 6 |  7- 9 | 10-12 | 13-15 | 16-18 | 19-21 || total
-------------------------+-------+-------+-------+-------+-------+-------+-------++-------
Melee: Trident           |   125 |   148 |       |   536 |  1242 |  1979 |  1403 ||  5433
       Halberd           |       |    63 |   385 |   237 |       |       |       ||   685
       Glaive            |       |       |     2 |       |       |       |       ||     2
       Constrict         |       |       |       |       |   199 |   318 |   224 ||   741
Throw: Throwing net      |       |     1 |     2 |     3 |       |       |       ||     6
       Stone             |       |       |       |     2 |       |       |       ||     2
Invok: Slouch            |       |       |       |     1 |    11 |    10 |     5 ||    27
       Bend Time         |       |       |       |       |    13 |    20 |     2 ||    35
       Step From Time    |       |       |       |       |     2 |     3 |       ||     5
 Abil: Spit Poison       |       |     2 |    12 |    11 |     5 |     6 |     1 ||    37
       Evoke Blink       |       |       |       |       |     8 |     7 |       ||    15
       Evoke Flight      |       |       |       |       |       |     6 |       ||     6
       Evoke Invisibilit |       |       |       |       |       |       |     1 ||     1
Evoke: Wand              |       |       |       |       |     3 |     1 |       ||     4
  Use: Scroll            |     3 |     5 |     6 |    13 |    10 |    14 |     5 ||    56
       Potion            |     1 |     6 |     2 |     3 |     3 |     2 |     1 ||    18
 Stab: Held in net/web   |       |       |     1 |     1 |       |       |       ||     2
       Distracted        |       |       |       |       |     1 |     3 |     1 ||     5
       Confused          |       |       |       |       |     2 |       |       ||     2
       Invisible         |       |       |       |       |       |       |     6 ||     6
  Eat: Chunk             |    19 |     4 |    14 |    10 |    12 |    21 |     8 ||    88
       Royal jelly       |       |       |       |       |     1 |       |       ||     1
       Meat ration       |       |       |       |       |     2 |     4 |     2 ||     8
Armor: Leather armour    |    13 |       |       |       |       |       |       ||    13
       Chain mail        |    30 |   138 |    15 |       |       |       |       ||   183
       Plate armour      |       |       |   176 |       |       |       |       ||   176
       Ring mail         |       |       |    24 |   252 |   322 |   160 |       ||   758
       Skin              |       |       |       |     9 |       |       |       ||     9
       Storm dragon scal |       |       |       |       |       |   254 |   238 ||   492
Dodge: Dodged            |    53 |    55 |    82 |   274 |   473 |   520 |   370 ||  1827
Block: Shield            |       |       |       |   231 |   837 |    34 |       ||  1102
       Large shield      |       |       |       |       |       |  1529 |  1126 ||  2655
